 Dungeon Crawl Stone Soup version 0.18.1-2-ga659475 (webtiles) character file.

44 HungrySpirit the Chiller (level 3, -1/24 HPs)
             Began as a Formicid Ice Elementalist on May 8, 2016.
             Slain by Natasha (4 damage)
             ... on level 2 of the Dungeon.
             The game lasted 00:02:35 (1669 turns).

HungrySpirit the Chiller (FoIE)                     Turns: 1669, Time: 00:02:35

Health: -1/24      AC:  3    Str: 13    XL:     3   Next: 87%
Magic:  6/6        EV: 12    Int: 14    God:
Gold:   20         SH:  0    Dex: 11    Spells: 1 memorised, 5 levels left

rFire  . . .     SeeInvis +     e - +1 whip (venom)
rCold  . . .     Gourm    .     a - +0 robe
rNeg   . . .     Faith    .     (no shield)
rPois  .         Spirit   .     (helmet unavailable)
rElec  .         Dismiss  .     (no cloak)
rCorr  .         Reflect  .     h - +0 pair of gloves
SustAt .         Harm     .     (no boots)
MR     .....                    (no amulet)
Stlth  ++........               (no ring)
                                (no ring)

@: not resistant to hostile enchantments, unstealthy
A: permanent stasis, dig shafts and tunnels, four strong arms, antennae 3
a: Dig, Shaft Self


You were on level 2 of the Dungeon.
You were not hungry.

You visited 1 branch of the dungeon, and saw 2 of its levels.

You collected 20 gold pieces.

Inventory:

Hand Weapons
 d - a +2 dagger of holy wrath
 e - a +1 whip of venom (weapon)
Armour
 a - a +0 robe (worn)
 h - a +0 pair of gloves (worn)
Scrolls
 j - a scroll of amnesia {unknown}
 l - a scroll of enchant armour {unknown}
 m - a scroll of enchant weapon {unknown}
Potions
 f - a potion of magic {unknown}
 g - a potion of cancellation {unknown}
 i - a potion of ambrosia {unknown}
 k - 2 potions of cure mutation
Books
 b - a book of Frost

   Spells                             Type                      Level
   a - Freeze                         Ice                          1
   b - Throw Frost                    Conjuration/Ice              2
   c - Ozocubu's Armour               Charms/Ice                   3
   d - Throw Icicle                   Conjuration/Ice              4
   e - Summon Ice Beast               Ice/Summoning                4
Comestibles
 c - a bread ration
 n - 3 chunks of flesh


   Skills:
 - Level 1.8 Short Blades
 * Level 2.3 Maces & Flails
 - Level 1.7 Dodging
 - Level 2.4 Stealth
 - Level 2.1 Spellcasting
   Level 0.8 Conjurations
 - Level 3.0 Ice Magic


You had 5 spell levels left.
You knew the following spells:

 Your Spells              Type           Power        Failure   Level  Hunger
a - Freeze                Ice            #...         10%         1    #......


Dungeon Overview and Level Annotations

Branches:
Dungeon (2/15)

Altars:

Annotations:
D:2 Natasha


Innate Abilities, Weirdness & Mutations

You are under a permanent stasis effect.
You can dig through walls and to a lower floor.
Your four strong arms can wield two-handed weapons with a shield.
You have a pair of large antennae on your head (SInv).


Message History

Natasha closely misses you.
You barely miss Natasha.
Natasha is moderately wounded.
Natasha barely misses you.
You closely miss Natasha.
Natasha is moderately wounded.
Natasha closely misses you.
You hit Natasha.
Natasha is severely wounded.
Natasha casts a spell at you. The magic dart hits you!
* * * LOW HITPOINT WARNING * * *
The shadow imp hits you.
* * * LOW HITPOINT WARNING * * *
Drink which item? (? for menu, Esc to quit)
It was a potion of cure mutation.
It has a very clean taste.
Natasha mumbles some strange words.
You feel disoriented. Natasha claws you.
You die...

...........#..........#
...........############
..........##
..........###
............###..
..................
..S.........#.....
####.......# ....
#..S@..## ... #...5hw#
.. #......... .
.>.......#[..
...#.......# ..
...#......## . ..
..#..... ...##.....


You could see Natasha, an adder, a shadow imp, a dart slug and a ball python.

Vanquished Creatures
  An adder (D:2)
  2 giant cockroaches
  2 goblins
  4 hobgoblins
  8 jackals
  5 kobolds (D:1)
  3 bats (D:1)
  2 giant newts
  4 rats (D:1)
31 creatures vanquished.

Notes
Turn   | Place    | Note
--------------------------------------------------------------
     0 | D:1      | HungrySpirit the Formicid Ice Elementalist began the quest for the Orb.
     0 | D:1      | Reached XP level 1. HP: 13/13 MP: 3/3
   139 | D:1      | Reached skill level 1 in Short Blades
   155 | D:1      | Reached XP level 2. HP: 7/19 MP: 1/5
   737 | D:1      | Reached skill level 1 in Maces & Flails
  1046 | D:1      | Reached XP level 3. HP: 24/24 MP: 6/6
  1659 | D:2      | Noticed Natasha
  1669 | D:2      | Slain by Natasha

Skill      XL: |  1  2  3 |
---------------+----------+-----
Short Blades   | 1 |  1.8
Maces & Flails | 1 2 |  2.3
Dodging        | |  1.7
Stealth        | |  2.4
Spellcasting   | |  2.1
Conjurations   | |  0.8
Ice Magic      | |  3.0

Action                   || total
-------------------------++-------
Melee: Dagger            ||    19
       Whip              ||    66
 Cast: Freeze            ||     3
  Use: Potion            ||     1
  Eat: Chunk             ||     2
Armor: Robe              ||    27
Dodge: Dodged            ||    65
